 Dungeon Crawl Stone Soup version 0.32-a0-933-ga8fa3634e4 (webtiles) character file.

Game seed: 14344442293241374845

1815 runemasterragnar the Ruffian (level 9, -3/62 HPs)
             Began as an Octopode Shapeshifter on Apr 14, 2024.
             Was an Initiate of Gozag.
             Succumbed to a hornet's poison
             ... while paralysed by a hornet
             ... on level 7 of the Dungeon.
             The game lasted 00:05:31 (5171 turns).

runemasterragnar the Ruffian (OpSh)                 Turns: 5171, Time: 00:05:32

Health: -3/62      AC:  1    Str: 18    XL:     9   Next: 10%
Magic:  9/9        EV:  2    Int: 18    God:    Gozag
Gold:   796        SH:  0    Dex: 11    Spells: 8/8 levels left

rFire   + .          .
                       - Unarmed
rCold   x . .        (no shield)
rNeg    . . .        (helmet currently unavailable)
rPois   .            (no amulet)
rElec   .            e - +6 ring of intelligence
rCorr   .            d - ring of fire
SInv    .            (no ring)
Will    .....        (no ring)
Stlth   ++++         (no ring)
HPRegen 0.30/turn    (no ring)
MPRegen 0.11/turn    (no ring)
                     (no ring)

%: no passive effects
@: paralysed, lethally poisoned (-3 -> -35), beast-form, slowed
A: beast (slay +2), almost no armour, amphibious, 8 rings, camouflage 1,
gelatinous body 1, (nimble swimmer 1), tentacles
a: Begin Untransformation, Renounce Religion, Potion Petition, Call Merchant,
Bribe Branch


You were on level 7 of the Dungeon.
You worshipped Gozag.
Gozag was pleased with you.
You were a hulking beast.
You visited 2 branches of the dungeon, and saw 8 of its levels.

You collected 859 gold pieces.
You paid 63 gold pieces to Gozag.

Inventory:

Magical Staves
 s - a staff of alchemy
Jewellery
 d - a ring of fire (right tentacle)
 e - a +6 ring of intelligence (left tentacle)
 u - the ring of Zyrisuv {rN+ Will- MP+9 Dex+4}
   (You found it on level 3 of the Dungeon)

   [ring of magical power]

   Dex+4:     It affects your dexterity (+4).
   rN+:       It protects you from negative energy.
   Will-:     It decreases your willpower.
   MP+9:      It affects your magic capacity (+9).
Talismans
 b - a beast talisman (active)
 c - a flux talisman
Wands
 q - a wand of light (8)
Scrolls
 j - a scroll of fog {unknown}
 k - 2 scrolls of teleportation
 l - a scroll of amnesia
 t - a scroll of enchant armour {unknown}
 v - a scroll of noise {unknown}
 w - a scroll of revelation {unknown}
 x - a scroll of immolation
 y - a scroll of blinking
 z - a scroll of silence
Potions
 f - a potion of might
 g - 4 potions of mutation
 h - a potion of haste {unknown}
 i - a potion of degeneration
 m - a potion of magic {unknown}
 n - 2 potions of curing
 o - 5 potions of heal wounds
 p - 2 potions of enlightenment
 r - a potion of resistance {unknown}


   Skills:
 * Level 5.9 Fighting
 + Level 4.6 Dodging
 + Level 5.9 Stealth
 * Level 6.6 Unarmed Combat
 + Level 2.8 Evocations
 + Level 4.7 Shapeshifting


You had 8 spell levels left.
You didn't know any spells.
Your spell library contained the following spells:

 Spells                   Type           Power      Damage    Failure   Level
 Kiss of Death            Conj/Necr      0%         2d5       22%         1
 Scorch                   Fire           0%         2d5       32%         2
 Confusing Touch          Hex            0%         N/A       54%         3
 Dazzling Flash           Conj/Hex       0%         N/A       54%         3
 Mephitic Cloud           Conj/Alch/Air  0%         N/A       54%         3
 Dispel Undead            Necr           0%         3d6       91%         4
 Flame Wave               Conj/Fire      0%         2d4       91%         4
 Vhi's Electric Charge    Tloc/Air       0%         N/A       91%         4
 Arcjolt                  Conj/Air       0%         1d10      99%         5
 Curse of Agony           Necr           0%         N/A       99%         5
 Silence                  Hex/Air        0%         N/A       99%         5
 Summon Forest            Summ/Tloc      0%         N/A       99%         5
 Eringya's Noxious Bog    Alch           0%         4d6       100%        6
 Plasma Beam              Fire/Air       0%         2x1d10    100%        6
 Summon Cactus Giant      Summ           0%         N/A       100%        6
 Summon Hydra             Summ           0%         N/A       100%        7


Dungeon Overview and Level Annotations

Branches:
Dungeon (7/15)             Temple (1/1) D:4

Altars:
Ashenzari
Cheibriados
Dithmenos
Elyvilon
Fedhas
Gozag
Hepliaklqana
Kikubaaqudgha
Makhleb
Qazlal
Ru
Sif Muna
Trog
Uskayaw
Vehumet
Wu Jian
Xom
Yredelemnul
Zin
The Shining One

Annotations:
D:3 3 runed translucent doors, EvilEddieB's ghost, amateur HuCj
D:6 2 transporters


Innate Abilities, Weirdness & Mutations

You are a hulking beast.
Your limbs bulge with bestial killing power. (Slay +2)
You cannot wear most types of armour.
You are amphibious.
You can wear up to eight rings at the same time.
Your skin changes colour to match your surroundings (Stealth+).
Your rubbery body absorbs attacks. (AC +1, EV +1)
((You are camouflaged when in or above water. (Stealth+)))
You have tentacles for arms and can constrict up to eight enemies at once.


Message History

You now have 782 gold pieces (gained 5).
You now have 796 gold pieces (gained 14).
g - 4 potions of mutation (gained 1)
A hornet comes into view.
A hornet is nearby!
A hornet is nearby!
A hornet is nearby!
A hornet is nearby!
Found a club.
A hornet is nearby!
Found 4 atropa-tipped darts.
The hornet closely misses you. The hornet stings you!
You feel yourself slow down.
You bludgeon the hornet! Your grab misses the hornet. You squeeze the hornet!
The hornet is heavily wounded.
You feel yourself speed up. The hornet stings you!
You feel yourself slow down. The hornet barely misses you.
You are too injured to fight recklessly!
Unknown command.
You are too injured to fight recklessly!
Unknown command.
You are too injured to fight recklessly!
You miss the hornet. You grab the hornet.
The hornet is heavily wounded.
You constrict the hornet! The hornet stings you.
You are poisoned.
You feel as though you will be slow longer.
The hornet stings you.
You are more poisoned.
You suddenly lose the ability to move!
You lose your grip on the hornet.
You feel very sick. The hornet stings you!
* * * LOW HITPOINT WARNING * * *
You feel as though you will be slow longer.
The hornet stings you!
* * * LOW HITPOINT WARNING * * *
You are more poisoned.
You feel as though you will be slow longer.
You die...
Your body crumbles into a pile of gold.

#...(......#
#......)...#
#..........#
##
#..........#
+.
#..........# #
#.........# +#
# #.........#
#.# ### #yh.#
#.# #..
###.#### #.#
#.#
#....#####.#
#.#
####....##.#
##.#
####.##.###..#
#....##..##
###...#.###
##.......
##..##..


You could see a hornet.

Vanquished Creatures
  Edmund (D:5)
  A sky beast (D:7)
  2 black bears (D:6)
  An ogre (D:5)
  A phantom (D:6)
  A bullfrog (D:4)
  5 killer bees (D:6)
  A bombardier beetle (D:6)
  6 hounds
  2 jellies
  A gnoll bouda (D:6)
  4 orc priests
  3 sleepcaps
  2 orc wizards
  8 iguanas
  5 gnolls (D:6)
  7 adders
  2 ufetubi (D:6)
  2 dart slugs
  4 ribbon worms
  16 orcs
  8 ball pythons
  5 endoplasms
  A giant cockroach (D:4)
  6 hobgoblins
  5 jackals
  2 kobolds
  4 quokkas
  6 bats
  2 frilled lizards
  8 goblins
  7 rats
129 creatures vanquished.

Notes
Turn   | Place    | Note
-------+----------+-------------------------------------------
     0 | D:1      | runemasterragnar the Octopode Shapeshifter began the quest
                  | for the Orb.
     0 | D:1      | Reached XP level 1. HP: 13/13 MP: 1/1
   148 | D:1      | Reached XP level 2. HP: 18/18 MP: 2/2
   209 | D:1      | Reached skill level 1 in Stealth
   487 | D:2      | Reached XP level 3. HP: 19/24 MP: 3/3
   988 | D:3      | Reached XP level 4. HP: 22/29 MP: 4/4
  1029 | D:3      | Reached XP level 5. HP: 10/35 MP: 5/5
  1317 | D:3      | Reached skill level 4 in Unarmed Combat
  1373 | D:3      | Found a runed translucent gate.
  1374 | D:3      | Found a runed translucent gate.
  1374 | D:3      | Noticed EvilEddieB's ghost (amateur HuCj)
  1376 | D:3      | Found a runed translucent gate.
  1382 | D:3      | Noticed a kobold brigand
  1498 | D:3      | Found an ornate altar of the Wu Jian Council.
  1646 | D:3      | Identified the ring of Zyrisuv {rN+ Will- MP+9 Dex+4}
  1915 | D:4      | Reached XP level 6. HP: 13/42 MP: 6/6
  2045 | D:4      | Found a staircase to the Ecumenical Temple.
  2055 | Temple   | Entered the Ecumenical Temple
  2127 | Temple   | Became a worshipper of Gozag Ym Sagoz the Greedy
  2807 | D:5      | Entered Level 5 of the Dungeon
  2911 | D:5      | Reached XP level 7. HP: 16/47 MP: 7/7
  3259 | D:5      | Reached skill level 5 in Unarmed Combat
  3523 | D:5      | Noticed Edmund
  3531 | D:5      | Killed Edmund
  3815 | D:5      | Found a glowing silver altar of Zin.
  3818 | D:5      | Noticed an angel
  4206 | D:6      | Found a transporter.
  4229 | D:6      | Reached skill level 1 in Evocations
  4229 | D:6      | Reached XP level 8. HP: 54/54 MP: 8/8
  4248 | D:6      | Reached skill level 5 in Fighting
  4254 | D:6      | Reached skill level 5 in Stealth
  4258 | D:6      | Reached skill level 6 in Unarmed Combat
  4401 | D:6      | Found a transporter.
  4763 | D:6      | Reached XP level 9. HP: 62/62 MP: 9/9
  4952 | D:6      | Found a snail-covered altar of Cheibriados.
  5162 | D:7      | Noticed a hornet
  5169 | D:7      | Paralysed by a hornet for 3 turns
  5171 | D:7      | Succumbed to a hornet's poison

Illustrated notes

Levels and vault maps discovered:
D:1:      dpeg_arrival_leaves_temple_mockup, layout_rooms
D:2:      layout_basic
D:3:      layout_rooms, nicolae_wu_jian_wuxing_cycle,
          gammafunk_ghost_nasty_kobolds, minmay_misc_feat_columns
D:4:      layout_loops_ring, minmay_temple_entry_crystal_x,
          cheibrodos_sewer_entry_bend, grunt_decor_junction,
          serial_library_hellmonk_u_bend
D:5:      layout_basic, zin_angel, uniq_edmund
D:6:      gammafunk_cloud_chamber, layout_cave_pools, slow_altar_2,
          chequers_serial_rivers_small_b, grunt_decor_cap,
          small_statue_intersection, minmay_starry_boxes
D:7:      layout_basic
Temple:   minmay_temple_bridge_d

Skill      XL: |  1  2  3  4  5  6  7  8 |
---------------+-------------------------+-----
Stealth        | 1 2 3 4 5 |  5.9
Fighting       | 2 3 4 5 |  5.9
Unarmed Combat | 4 5 6 |  6.6
Dodging        | 3 4 |  4.6
Shapeshifting  | 4 |  4.7
Evocations     | 1 2 |  2.8

Action                     |  1- 3 |  4- 6 |  7- 9 || total
---------------------------+-------+-------+-------++-------
  Melee: Unarmed           |    57 |    90 |   104 ||   251
         Tentacles         |    10 |    17 |    26 ||    53
         Constrict         |    12 |    23 |    23 ||    58
         Punch             |     1 |     2 |     7 ||    10
  Evoke: Wand              |       |       |     3 ||     3
    Use: Scroll            |       |    11 |     2 ||    13
         Potion            |       |     1 |     2 ||     3
   Stab: Sleeping          |     5 |     9 |     8 ||    22
         Distracted        |       |     1 |     2 ||     3
 Armour: Skin              |    17 |    40 |   121 ||   178
  Dodge: Dodged            |    25 |    35 |    42 ||   102

Table legend: (Time is in decaauts)
 A = Elapsed time spent in this place.
 B = Non-inter-level travel time spent in this place.
 C = Inter-level travel time spent in this place.
 D = Time resting spent in this place.
 E = Time spent auto-exploring this place.
 F = Levels seen in this place.
 G = Mean time per level.
                   A        B        C        D        E       F      G
               +--------+--------+--------+--------+--------+-----+--------+
         Total |   5148 |   4799 |    349 |    759 |   3198 |   8 |  643.5 |
       Dungeon |   5004 |   4798 |    206 |    759 |   3198 |   7 |  714.9 |
        Temple |    144 |      1 |    143 |      0 |      0 |   1 |  144.0 |
               +--------+--------+--------+--------+--------+-----+--------+

Top non-repeatable levels by time:
     D:5: 1360 daAuts
     D:6: 888 daAuts
     D:4: 886 daAuts
     D:3: 820 daAuts
     D:2: 487 daAuts
     D:1: 458 daAuts
  Temple: 144 daAuts
     D:7: 102 daAuts
